 Dungeon Crawl Stone Soup version 0.20-a0-1122-gb7cbeb9 (webtiles) character file.

1605 poirepourri the Thaumaturge (level 8, -6/43 HPs)
             Began as a Deep Elf Conjurer on May 11, 2017.
             Was an Initiate of Vehumet.
             Mangled by a very large slime creature (49 damage)
             ... on level 6 of the Dungeon.
             The game lasted 00:09:35 (8857 turns).

poirepourri the Thaumaturge (Deep Elf Conjurer)     Turns: 8857, Time: 00:09:36

Health: -6/43      AC:  5    Str:  5    XL:     8   Next: 63%
Magic:  15/25      EV: 14    Int: 23    God:    Vehumet [......]
Gold:   300        SH:  0    Dex: 15    Spells: 11/29 levels left

rFire    . . .     SeeInvis .   m - +3 short sword
rCold    . . .     Gourm    +   (no shield)
rNeg     + . .     Faith    .   a - +1 robe
rPois    .         Spirit   .   (no helmet)
rElec    .         Reflect  .   (no cloak)
rCorr    .         Harm     .   l - +1 pair of gloves
MR       .....                  (no boots)
Stlth    ++........             i - amulet of the gourmand
Regen    0.2/turn               f - ring of positive energy
MPRegen  0.2/turn               (no ring)

@: no status effects
A: no striking features
a: Renounce Religion


You were on level 6 of the Dungeon.
You worshipped Vehumet.
Vehumet was noncommittal.
You were not hungry.

You visited 2 branches of the dungeon, and saw 7 of its levels.
You also visited: Ossuary.

You collected 300 gold pieces.

Inventory:

Hand Weapons
 m - a +3 short sword (weapon)
Armour
 a - a +1 robe (worn)
 l - a +1 pair of gloves (worn)
Jewellery
 f - a ring of positive energy (left hand)
 i - an amulet of the gourmand (around neck)
 s - an uncursed ring of teleportation
 z - an uncursed amulet of faith
Wands
 c - a wand of random effects (11/48)
 h - a wand of polymorph (12/24)
 k - a wand of random effects (31/48)
 n - a wand of confusion (28/48)
 t - a wand of polymorph (11/24)
 A - a wand of iceblast (2/15)
Scrolls
 g - a scroll of recharging
 j - a scroll of fog
 p - a scroll of blinking
 q - a scroll of teleportation
 y - 2 scrolls of remove curse
 D - a scroll of fear
Potions
 d - 3 potions of heal wounds
 e - 5 potions of curing
 o - a potion of agility
 r - a potion of mutation
 u - 2 potions of ambrosia
 v - a potion of brilliance {unknown}
 B - a potion of flight {unknown}
Books
 b - a book of Conjurations

   Spells                             Type                      Level
   a - Magic Dart                     Conjuration                  1
   b - Searing Ray                    Conjuration                  2
   c - Dazzling Spray                 Conjuration/Hexes            3
   d - Fulminant Prism                Conjuration/Hexes            4
   e - Force Lance                    Conjuration/Translocation    4
   f - Iskenderun's Mystic Blast      Conjuration                  4
 x - a book of Geomancy

   Spells                             Type                      Level
   a - Sandblast                      Earth                        1
   b - Passwall                       Transmutation/Earth          2
   c - Stone Arrow                    Conjuration/Earth            3
   d - Petrify                        Transmutation/Earth          4
   e - Lee's Rapid Deconstruction     Earth                        5
Comestibles
 w - 2 meat rations
 C - 4 fruits


   Skills:
 + Level 1.0 Fighting
 + Level 3.7 Dodging
 - Level 2.4 Stealth
 * Level 11.4 Spellcasting
 + Level 7.5 Conjurations
 + Level 2.3 Hexes
 + Level 0.7 Translocations


You had 11 spell levels left.
You knew the following spells:

 Your Spells              Type           Power        Failure   Level  Hunger
a - Magic Dart            Conj           ####         1%          1    None
b - Searing Ray           Conj           #####.       1%          2    None
c - Dazzling Spray        Conj/Hex       #####.       1%          3    None
d - Fulminant Prism       Conj/Hex       #####.....   6%          4    None
e - Force Lance           Conj/Tloc      ####....     9%          4    None
f - Iskenderun's Mystic   Conj           #####...     2%          4    None


Dungeon Overview and Level Annotations

Branches:
Dungeon (6/15)             Temple (1/1) D:4

Altars:
Ashenzari
Cheibriados
Elyvilon
Fedhas
Gozag
Hepliaklqana
Kikubaaqudgha
Nemelex Xobeh
Okawaru
Qazlal
Ru
Sif Muna
Trog
Uskayaw
Vehumet
Wu Jian
Xom
Yredelemnul
The Shining One


Message History

Aim: a very large slime creature The spray of energy hits the very large slime creature.
The very large slime creature is lightly wounded.
Casting: Dazzling Spray
Confirm with . or Enter, or press ? or * to list all spells.
Aiming: Dazzling Spray
Press: ? - help, Shift-Dir - straight line, f/p - very large slime creature
Aim: a very large slime creature (lightly wounded)
The spray of energy hits the very large slime creature.
The very large slime creature is lightly wounded.
Casting: Dazzling Spray
Confirm with . or Enter, or press ? or * to list all spells.
Aiming: Dazzling Spray
Press: ? - help, Shift-Dir - straight line, f/p - very large slime creature
Aim: a very large slime creature (lightly wounded)
The spray of energy hits the very large slime creature.
The very large slime creature is lightly wounded.
The very large slime creature hits you!!!
Ouch! That really hurt!
You die...

##########
#............
#.÷......$
#............
#.÷..÷....
#<...##......
#....÷....
#.....#......
#...÷.....
#.#.#)#.#....
#.J.......
#.#.#.#.#....
#...J.÷...
#<..#.#.#.... #.#######
#.#.#.#......
##...J@.###............
########.##.#.#.####...
#....'..###............
#....######.........#.#
#.......##.............
#...(...##.#..#....†#..
#.......##.............
#.).)...##.#..#####.#..
##...).###.#..#.##.....


You could see a very large slime creature.

Vanquished Creatures
  A water moccasin (D:5)
  2 ice beasts (D:5)
  A sky beast (D:5)
  A black bear (D:6)
  A phantom (D:4)
  2 centaurs
  3 big kobolds (D:6)
  A scorpion (D:6)
  2 orc priests (D:5)
  6 jellies (D:6)
  A bullfrog skeleton (D:4)
  A centaur skeleton (D:4)
  Ijyb (D:5)
  2 worker ants (D:4)
  A hound skeleton (D:5)
  10 adders
  2 shadow imps
  4 oozes (D:6)
  6 leopard geckos
  12 orcs
  5 giant cockroaches
  9 goblins
  9 hobgoblins
  9 jackals
  11 kobolds
  4 quokkas
  A ball python (D:1)
  4 bats
  6 frilled lizards
  A jackal skeleton (D:4)
  5 rats
124 creatures vanquished.

Vanquished Creatures (others)
  4 fulminant prisms
  6 fungi (D:6)
  9 toadstools (D:6)
19 creatures vanquished.

Grand Total: 143 creatures vanquished

Notes
Turn   | Place    | Note
-------+----------+-------------------------------------------
     0 | D:1      | poirepourri the Deep Elf Conjurer began the quest for the Orb.
     0 | D:1      | Reached XP level 1. HP: 10/10 MP: 6/6
   419 | D:1      | Reached XP level 2. HP: 15/15 MP: 6/8
   434 | D:1      | Learned a level 2 spell: Searing Ray
   847 | D:1      | Reached skill level 5 in Conjurations
  1034 | D:2      | Reached XP level 3. HP: 17/19 MP: 0/10
  1152 | D:1      | Learned a level 3 spell: Dazzling Spray
  1849 | D:2      | Reached skill level 4 in Spellcasting
  2289 | D:2      | Reached XP level 4. HP: 23/24 MP: 8/12
  2517 | D:3      | Found a stormy altar of Qazlal.
  2832 | D:3      | Reached skill level 5 in Spellcasting
  3196 | D:3      | Reached XP level 5. HP: 28/28 MP: 10/14
  3638 | D:4      | Found a sand-covered staircase.
  3671 | Ossuary  | Entered an ossuary
  3697 | D:4      | Noticed a phantom
  3711 | D:4      | Killed a phantom
  3711 | D:4      | Reached skill level 6 in Spellcasting
  4102 | D:4      | Learned a level 4 spell: Fulminant Prism
  4107 | D:4      | Learned a level 4 spell: Force Lance
  4408 | D:4      | Found a staircase to the Ecumenical Temple.
  4413 | D:4      | Reached XP level 6. HP: 31/32 MP: 11/17
  4562 | Temple   | Entered the Ecumenical Temple
  4601 | Temple   | Became a worshipper of Vehumet
  4942 | D:4      | Learned a level 4 spell: Iskenderun's Mystic Blast
  5060 | D:4      | Found an ornate altar of the Wu Jian Council.
  5159 | D:4      | Reached skill level 7 in Spellcasting
  5546 | D:5      | Entered Level 5 of the Dungeon
  5862 | D:5      | Reached skill level 8 in Spellcasting
  6358 | D:5      | Noticed a water moccasin
  6366 | D:5      | Killed a water moccasin
  6366 | D:5      | Reached skill level 1 in Hexes
  6366 | D:5      | Reached XP level 7. HP: 29/37 MP: 10/20
  7142 | D:5      | Reached skill level 9 in Spellcasting
  7149 | D:5      | Reached * piety under Vehumet
  7149 | D:5      | Offered knowledge of Shock by Vehumet.
  7358 | D:5      | Found a glowing golden altar of the Shining One.
  7382 | D:5      | Noticed Ijyb
  7387 | D:5      | Killed Ijyb
  8017 | D:6      | Reached XP level 8. HP: 34/42 MP: 13/23
  8100 | D:6      | Reached skill level 10 in Spellcasting
  8434 | D:6      | Reached skill level 1 in Fighting
  8438 | D:6      | Reached skill level 11 in Spellcasting
  8847 | D:6      | Noticed a slime creature
  8848 | D:6      | Noticed a slime creature
  8848 | D:6      | Noticed a slime creature
  8857 | D:6      | Mangled by a very large slime creature

Vault maps used:
D:1:      dpeg_arrival_court
D:3:      lemuel_crystal_altar
D:4:      overflow_temple_1_default, temple_green, first_bread,
          nicolae_ossuary_entry_monument
D:5:      kennysheep_mini, nrook_uturn, kennysheep_generic_room_12, uniq_ijyb
D:6:      cheibrodos_fertilizer, zin_statuary
Temple:   nicolae_temple_elliptical
Ossuary:  ossuary_minmay_tomb_2a

Skill      XL: |  1  2  3  4  5  6  7  8 |
---------------+-------------------------+-----
Conjurations   | 5 6 7 |  7.5
Spellcasting   | 4 5 6 8 9 11 | 11.4
Dodging        | 3 |  3.7
Hexes          | 1 2 |  2.3
Fighting       | 1 |  1.0
Stealth        | |  2.4
Translocations | |  0.7

Action                   |  1- 3 |  4- 6 |  7- 9 || total
-------------------------+-------+-------+-------++-------
 Cast: Magic Dart        |    72 |   132 |    46 ||   250
       Searing Ray       |     1 |     6 |    13 ||    20
       Dazzling Spray    |       |     3 |    20 ||    23
       Fulminant Prism   |       |     1 |     3 ||     4
       Force Lance       |       |       |    10 ||    10
  Use: Scroll            |    11 |     5 |     4 ||    20
       Potion            |       |     1 |       ||     1
  Eat: Bread ration      |     1 |     1 |     2 ||     4
       Royal jelly       |       |     2 |       ||     2
       Fruit             |       |     1 |       ||     1
       Chunk             |       |     4 |       ||     4
Armor: Robe              |     3 |     5 |     7 ||    15
Dodge: Dodged            |     5 |    27 |    26 ||    58
